 Dungeon Crawl Stone Soup version 0.30-a0-1075-gcd70e7a56d (webtiles) character file.

Game seed: 13625619503810575800

4111 themarg the Zephyrmancer (level 10, -5/74 HPs)
             Began as a Demonspawn Air Elementalist on Apr 14, 2023.
             Was a Believer of Vehumet.
             Slain by a skeletal warrior
             ... wielding a +0 war axe
              (15 damage)
             ... on level 8 of the Dungeon on Apr 15, 2023.
             The game lasted 00:34:05 (9826 turns).

themarg the Zephyrmancer (DsAE)                     Turns: 9826, Time: 00:34:06

Health: -5/74      AC:  8    Str:  9    XL:     10   Next: 6%
Magic:  0/15       EV: 18    Int: 27    God:    Vehumet [**....]
Gold:   405        SH:  0    Dex: 13    Spells: 10/16 levels left

rFire   . . .      SeeInvis .    L - +2 dagger (drain)
rCold   . . .      Faith    .    (no shield)
rNeg    . . .      Spirit   .    a - +0 robe
rPois   .          Reflect  .    O - +0 helmet
rElec   .          Rampage  .    E - +1 cloak
rCorr   .                        e - +0 pair of gloves
Will    .....                    (no boots)
Stlth   ++                       (no amulet)
HPRegen 0.32/turn                k - +5 ring of evasion
MPRegen 0.14/turn                z - +6 ring of intelligence

@: no status effects
A: slimy green scales 1, spiny 2, demonic magic 2, weakness stinger 2
a: Renounce Religion


You were on level 8 of the Dungeon.
You worshipped Vehumet.
Vehumet was pleased with you.
You visited 1 branch of the dungeon, and saw 8 of its levels.

You collected 405 gold pieces.

Inventory:

Hand Weapons
 B - a +2 dagger of speed
 D - a +2 short sword of venom
 L - a +2 dagger of draining (weapon)
Missiles
 d - 88 stones
 j - 2 silver boomerangs
 H - 8 poisoned darts
 K - 2 boomerangs
Armour
 a - a +0 robe (worn)
 e - a +0 pair of gloves (worn)
 E - a +1 cloak (worn)
 O - a +0 helmet (worn)
Jewellery
 k - a +5 ring of evasion (left hand)
 s - a +6 ring of strength
 w - a ring of poison resistance
 z - a +6 ring of intelligence (right hand)
 A - an amulet of the acrobat
 I - a ring of wizardry
Wands
 F - a wand of polymorph (4)
 J - a wand of flame (9)
Scrolls
 c - a scroll of immolation {unknown}
 f - 9 scrolls of teleportation
 h - a scroll of butterflies {unknown}
 l - a scroll of magic mapping {unknown}
 n - 3 scrolls of enchant weapon
 p - 3 scrolls of torment
 r - 2 scrolls of noise {unknown}
 u - 2 scrolls of fog {unknown}
 v - a scroll of enchant armour {unknown}
 y - a scroll of acquirement {unknown}
 M - a scroll of amnesia {unknown}
Potions
 b - a potion of magic
 g - 12 potions of curing
 i - 2 potions of mutation
 m - a potion of heal wounds
 o - 2 potions of might {unknown}
 q - 2 potions of brilliance {unknown}
 t - a potion of resistance {unknown}
 x - a potion of ambrosia {unknown}
 C - a potion of haste {unknown}
 G - a potion of attraction {unknown}
 N - a potion of invisibility {unknown}


   Skills:
 - Level 5.0 Fighting
 - Level 5.0 Dodging
 - Level 3.0 Stealth
 + Level 3.9 Spellcasting
 - Level 3.0 Conjurations
 + Level 2.8 Ice Magic
 - Level 10.0 Air Magic
 - Level 3.0 Poison Magic


You had 10 spell levels left.
You knew the following spells:

 Your Spells              Type           Power      Damage    Failure   Level
a - Shock                 Conj/Air       100%       1d9       1%          1
b - Static Discharge      Conj/Air       80%        2-6/arc   1%          2
c - Mephitic Cloud        Conj/Pois/Air  34%        N/A       2%          3

Your spell library contained the following spells:

 Spells                   Type           Power      Damage    Failure   Level
 Searing Ray              Conj           42%        2d6       3%          2
 Poisonous Vapours        Pois/Air       80%        N/A       1%          2
 Swiftness                Air            56%        N/A       1%          3
 Airstrike                Air            28%        2d(4-20)  1%          4
 Freeze                   Ice            80%        1d9       2%          1
 Vhi's Electric Charge    Tloc/Air       64%        N/A       3%          3
 Frozen Ramparts          Ice            40%        1d7       8%          3
 Hailstorm                Conj/Ice       21%        3d6       8%          3
 Stone Arrow              Conj/Erth      26%        3d8       13%         3
 Arcjolt                  Conj/Air       20%        1d30      16%         5
 Freezing Cloud           Conj/Ice/Air   16%        6-21      26%         5
 Ice Form                 Ice/Tmut       12%        N/A       41%         4
 Anguish                  Hex/Necr       2%         N/A       63%         4
 Animate Armour           Summ/Erth      10%        N/A       63%         4
 Simulacrum               Ice/Necr       6%         N/A       100%        6
 Enfeeble                 Hex            2%         N/A       100%        7
 Ozocubu's Refrigeration  Ice            10%        4d9       100%        7
 Lehudib's Crystal Spear  Conj/Erth      6%         10d3      100%        8
 Maxwell's Capacitive Co  Air            28%        ∞         100%        8
 Polar Vortex             Ice            10%        N/A       100%        9


Dungeon Overview and Level Annotations

Branches:
Dungeon (8/15)             Temple (0/1) D:6
   Lair: D:8-11

Altars:
Ashenzari
Cheibriados
Gozag
Hepliaklqana
Kikubaaqudgha
Okawaru
Uskayaw
Vehumet

Annotations:
D:3 Pargi, Terence


Innate Abilities, Weirdness & Mutations

You are partially covered in slimy green scales. (AC +2)
You are mostly covered in sharp spines.
Spells you cast may paralyse nearby enemies.
You have a tail ending in a sharp stinger.


Message History

The skeletal warrior hits you with a +0 war axe!!
* * * LOW HITPOINT WARNING * * *
You feel much better.
The skeletal warrior hits you with a +0 war axe!
* * * LOW HITPOINT WARNING * * *
Aiming: Shock (safe; 1% risk of failure)
Press: ? - help, Shift-Dir - straight line, f/p - skeletal warrior
Aim: a skeletal warrior, wielding a +0 war axe (almost destroyed, 74% to hit)
The zap hits the skeletal warrior!
The skeletal warrior is almost destroyed.
Malevolent energies surge around you.
The skeletal warrior closely misses you.
You feel much better.
The skeletal warrior closely misses you.
You barely miss the skeletal warrior.
Your tail-slap misses the skeletal warrior.
The skeletal warrior is almost destroyed.
The skeletal warrior misses you.
You closely miss the skeletal warrior. You tail-slap the skeletal warrior.
The skeletal warrior is almost destroyed.
The skeletal warrior hits you with a +0 war axe!
Aiming: Shock (safe; 1% risk of failure)
Press: ? - help, Shift-Dir - straight line, f/p - skeletal warrior
Aim: a skeletal warrior, wielding a +0 war axe (almost destroyed, 74% to hit)
The zap hits the skeletal warrior but does no damage.
The skeletal warrior is almost destroyed.
Malevolent energies surge around you.
The skeletal warrior hits you with a +0 war axe!
* * * LOW HITPOINT WARNING * * *
Aiming: Throw Flame
Press: ? - help, Shift-Dir - straight line, f/p - skeletal warrior
Aim: a skeletal warrior, wielding a +0 war axe (almost destroyed, 68% to hit)
The puff of flame misses the skeletal warrior.
The skeletal warrior completely misses you.
Aiming: Throw Flame
Press: ? - help, Shift-Dir - straight line, f/p - skeletal warrior
Aim: a skeletal warrior, wielding a +0 war axe (almost destroyed, 68% to hit)
The puff of flame misses the skeletal warrior.
The skeletal warrior hits you with a +0 war axe!
You die...

#.# #....######.[<..##....<
#.####.#.......[######.....
#...##..###)..).[.....#####
#########.........)########..
......# ###......).# ##
......# ##.....)..##
......####.....)....####
#####[..........z......##
##...##......@..###..##
####..#....###..#### ##..##
#....#.....###.## ##..###
..####.###.##..# ##...#
#......# #....## ###.#
..###### ###..### #.# ###
##...# #.###
##.#.###########...##
#..#................##


You could see a skeletal warrior.

Vanquished Creatures
  A skeletal warrior (D:8)
  A cyclops (D:7)
  Maurice (D:8)
  Eustachio (D:5)
  Edmund (D:6)
  5 sky beasts
  An orc warrior (D:7)
  A centaur (D:8)
  A phantom (D:6)
  A kobold brigand (D:8)
  8 bullfrogs
  2 scorpions (D:5)
  8 wights
  A killer bee (D:7)
  A vampire bat (D:6)
  6 hounds
  A gnoll bouda (D:6)
  4 iguanas
  3 orc wizards
  13 gnolls
  6 adders
  2 shadow imps
  2 white imps
  2 ufetubi
  A worm (D:5)
  A dart slug (D:2)
  7 orcs
  12 endoplasms
  5 giant cockroaches
  7 hobgoblins
  4 jackals (D:1)
  14 kobolds
  4 quokkas
  4 ball pythons (D:1)
  13 bats
  3 frilled lizards
  4 goblins
  5 rats
157 creatures vanquished.

Vanquished Creatures (others)
  A plant (D:1)
1 creature vanquished.

Grand Total: 158 creatures vanquished

Notes
Turn   | Place    | Note
-------+----------+-------------------------------------------
     0 | D:1      | themarg the Demonspawn Air Elementalist began the quest for
                  | the Orb.
     0 | D:1      | Reached XP level 1. HP: 13/13 MP: 3/3
   455 | D:1      | Gained mutation: Spells you cast may paralyse adjacent
                  | enemies. [demonic ancestry]
   455 | D:1      | Reached XP level 2. HP: 19/19 MP: 1/5
   651 | D:1      | Reached skill level 3 in Air Magic
   985 | D:1      | Gained mutation: You are partially covered in sharp spines.
                  | [demonic ancestry]
   985 | D:1      | Reached XP level 3. HP: 17/24 MP: 0/6
  1957 | D:2      | Identified the +1 dagger of Xom's Generosity {pain, *Noise
                  | rElec rC- rCorr}
  3016 | D:3      | Gained mutation: You have a small tail. [demonic ancestry]
  3016 | D:3      | Reached XP level 4. HP: 30/30 MP: 2/7
  3072 | D:3      | Noticed Terence
  3140 | D:3      | Noticed Pargi
  3408 | D:2      | Learned a level 2 spell: Static Discharge
  4059 | D:4      | Gained mutation: Spells you cast may paralyse nearby
                  | enemies. [demonic ancestry]
  4059 | D:4      | Reached XP level 5. HP: 35/35 MP: 1/8
  4221 | D:4      | Found a radiant altar of Vehumet.
  4239 | D:4      | Became a worshipper of Vehumet
  4421 | D:5      | Entered Level 5 of the Dungeon
  4625 | D:5      | Reached skill level 4 in Air Magic
  4625 | D:5      | Reached skill level 1 in Poison Magic
  4795 | D:5      | Gained mutation: You are mostly covered in sharp spines.
                  | [demonic ancestry]
  4795 | D:5      | Reached XP level 6. HP: 41/41 MP: 6/9
  4841 | D:5      | Found a snail-covered altar of Cheibriados.
  5119 | D:5      | Reached skill level 5 in Air Magic
  5359 | D:5      | Noticed Eustachio
  5375 | D:5      | Killed Eustachio
  5376 | D:5      | Gained mutation: You have a tail ending in a sharp stinger.
                  | [demonic ancestry]
  5376 | D:5      | Reached XP level 7. HP: 46/46 MP: 6/10
  5738 | D:6      | Found a staircase to the Ecumenical Temple.
  5742 | D:6      | Reached skill level 6 in Air Magic
  6093 | D:6      | Found an iron altar of Okawaru.
  6127 | D:6      | Noticed Edmund
  6145 | D:6      | Killed Edmund
  6146 | D:6      | Reached skill level 7 in Air Magic
  6447 | D:6      | Reached * piety under Vehumet
  6447 | D:6      | Offered knowledge of Kiss of Death by Vehumet.
  6576 | D:6      | Gained mutation: You are partially covered in slimy green
                  | scales. (AC +2) [demonic ancestry]
  6576 | D:6      | Reached XP level 8. HP: 51/52 MP: 3/11
  6800 | D:6      | Found an opulent altar of Gozag.
  6932 | D:6      | Found a hide-covered altar of Uskayaw.
  6932 | D:6      | Found a hazy altar of Hepliaklqana.
  6933 | D:6      | Found a broken altar of Ashenzari.
  6995 | D:6      | Found an ancient bone altar of Kikubaaqudgha.
  7003 | D:6      | Reached skill level 8 in Air Magic
  7174 | D:6      | Learned a level 3 spell: Mephitic Cloud
  7312 | D:7      | Reached skill level 9 in Air Magic
  7793 | D:7      | Reached skill level 10 in Air Magic
  7860 | D:7      | Reached XP level 9. HP: 54/58 MP: 8/12
  7873 | D:7      | Noticed a cyclops
  7880 | D:7      | Killed a cyclops
  8670 | D:8      | Noticed Maurice
  8682 | D:8      | Killed Maurice
  8756 | D:8      | Reached ** piety under Vehumet
  8756 | D:8      | Offered knowledge of Searing Ray by Vehumet.
  8938 | D:8      | Noticed a skeletal warrior
  8942 | D:8      | Reached skill level 5 in Fighting
  8942 | D:8      | Reached skill level 5 in Dodging
  9079 | D:8      | Reached skill level 1 in Ice Magic
  9308 | D:8      | Noticed a skeletal warrior
  9322 | D:8      | Killed a skeletal warrior
  9323 | D:8      | Reached XP level 10. HP: 15/74 MP: 13/15
  9336 | D:8      | Noticed a skeletal warrior
  9337 | D:8      | Noticed a skeletal warrior
  9826 | D:8      | Slain by a skeletal warrior

Illustrated notes

Levels and vault maps discovered:
D:1:      onia_arrival_mini_maze_b, layout_basic
D:2:      layout_basic
D:3:      layout_rooms, hangedman_feature_mirror, uniq_terence, uniq_pargi
D:4:      layout_cave_pools, mainiacjoe_overflow_24_doors, eino_tiny_chamber
D:5:      layout_loops_corners, cheibriados_altar_1, kennysheep_generic_room_4,
          uniq_eustachio
D:6:      layout_rooms, general_overflow_altar, nicolae_gozag_seed_capital,
          lemuel_coloured_pillars_altar,
          chequers_temple_overflow_statue_of_worship,
          minmay_temple_entry_drinking_statues, mumra_transporter_accident,
          roderic_batcave, hangedman_decor_slide_cut, uniq_edmund
D:7:      cheibrodos_barr_body, layout_loops_corners
D:8:      layout_rooms, uniq_maurice

Skill      XL: |  1  2  3  4  5  6  7  8  9 |
---------------+----------------------------+-----
Stealth        | 2 3 |  3.0
Air Magic      | 3 4 5 7 10 | 10.0
Conjurations   | 2 3 |  3.0
Poison Magic   | 2 3 |  3.0
Fighting       | 5 |  5.0
Dodging        | 5 |  5.0
Ice Magic      | 2 |  2.8
Spellcasting   | 3 |  3.9

Action                     |  1- 3 |  4- 6 |  7- 9 | 10-12 || total
---------------------------+-------+-------+-------+-------++-------
  Melee: Short sword       |    13 |    18 |    53 |       ||    84
         Tailslap          |       |     2 |    20 |     1 ||    23
         Dagger            |       |       |    41 |     3 ||    44
         Punch             |       |       |     1 |       ||     1
   Cast: Shock             |   104 |    82 |   127 |     8 ||   321
         Static Discharge  |       |     4 |    44 |     7 ||    55
         Mephitic Cloud    |       |       |     9 |       ||     9
  Evoke: Wand              |       |       |       |     2 ||     2
    Use: Scroll            |     4 |     2 |     1 |       ||     7
         Potion            |       |       |     1 |     3 ||     4
   Stab: Paralysed         |     2 |    14 |    45 |       ||    61
         Confused          |       |       |     6 |       ||     6
 Armour: Robe              |     6 |     1 |     7 |     1 ||    15
  Dodge: Dodged            |    17 |     9 |    41 |     9 ||    76

Table legend: (Time is in decaauts)
 A = Elapsed time spent in this place.
 B = Non-inter-level travel time spent in this place.
 C = Inter-level travel time spent in this place.
 D = Time resting spent in this place.
 E = Time spent auto-exploring this place.
 F = Levels seen in this place.
 G = Mean time per level.
                   A        B        C        D        E       F      G
               +--------+--------+--------+--------+--------+-----+--------+
         Total |   9815 |   9307 |    508 |    864 |   7040 |   8 | 1226.9 |
       Dungeon |   9815 |   9307 |    508 |    864 |   7040 |   8 | 1226.9 |
               +--------+--------+--------+--------+--------+-----+--------+

Top non-repeatable levels by time:
     D:7: 2045 daAuts
     D:1: 1830 daAuts
     D:5: 1485 daAuts
     D:6: 1272 daAuts
     D:2: 1152 daAuts
     D:3: 832 daAuts
     D:4: 606 daAuts
     D:8: 589 daAuts
